Map: Para Site LE

Players

blitzkrieg - Winner!

  • Race: Protoss Protoss
  • League: Diamond
  • Spawn Location: 11:00

DepthDefying

  • Race: Zerg Zerg
  • League: Diamond
  • Spawn Location: 5:00

VOD

Have the link to the VOD?

Description

Time

  • Played on: Nov. 17, 2018, 2:28 p.m.
  • Length: 12:47
Show
View Real Time Build Order
Export as new Build Order

blitzkrieg Protoss - Winner!

Build Orders:  

Get SALT Encoding   

  12  0:00  Probe  
  13  0:13  Probe  
  14  0:19  Pylon  
  14  0:25  Probe  
  15  0:37  Probe  
  15  0:39  Forge  
  16  1:00  Pylon  
  16  1:05  Pylon  
  16  1:07  Pylon  
  16  1:20  Photon Cannon  
  16  1:28  Gateway  
  16  1:30  Assimilator  
  16  1:31  Probe  
  17  1:38  Assimilator  
  17  1:42  Assimilator  
  17  1:56  Photon Cannon  
  17  2:05  Probe  
  18  2:16  Pylon  
  18  2:17  Probe  
  19  2:25  Cybernetics Core  
  19  2:29  Probe  
  20  2:38  Photon Cannon  
  20  2:48  Photon Cannon  
  20  3:03  Stalker  
  22  3:16  Photon Cannon  
  22  3:18  Shield Battery  
  22  3:32  Probe  
  23  3:37  Robotics Facility  
  23  3:50  Shield Battery  
  23  3:59  Stalker  
  23  4:01  Pylon  
  25  4:25  Immortal  
  25  4:28  Stalker  
  25  4:30  Probe  
  32  4:54  Warp Prism  
  32  4:56  Photon Cannon  
  32  4:57  Shield Battery  
  34  5:27  Photon Cannon  
  34  5:29  Pylon  
  34  5:34  Immortal  
  38  6:12  Warp Prism  
  40  6:49  Immortal  
  40  6:52  Nexus  
  44  7:00  Robotics Bay  
  44  7:15  Shield Battery  
  44  7:27  Shield Battery  
  44  7:42  Stargate  
  44  7:46  Disruptor  
  47  8:21  Probe  
  47  8:22  Disruptor  
  47  8:24  Assimilator  
  51  8:27  Phoenix  
  51  8:28  Assimilator  
  51  8:33  Probe  
  54  8:43  Pylon  
  54  8:45  Probe  
  55  8:52  Phoenix  
  57  8:58  Disruptor, Probe  
  61  9:36  Phoenix  
  63  9:55  Phoenix  
  65  10:14  Phoenix  
  65  10:19  Pylon  
  67  10:26  Nexus  
  67  10:32  Pylon  
  67  10:38  Phoenix  
  69  10:55  Phoenix  
  71  11:06  Pylon  
  71  11:10  Assimilator  
  71  11:19  Phoenix  
  71  11:24  Probe  
  74  11:27  Photon Cannon  
  74  11:35  Probe  
  74  11:36  Probe  
  76  11:47  Probe  
  76  11:48  Probe  
  78  11:54  Phoenix  
  78  12:00  Probe  
  79  12:05  Probe  
  82  12:12  Probe  
  83  12:17  Phoenix, Probe  
  86  12:22  Photon Cannon  
  86  12:24  Probe  
  86  12:29  Probe  
Show
View Real Time Build Order
Export as new Build Order

DepthDefying Zerg 

Build Orders: Pool First, Roach Nydus 

Get SALT Encoding   

  12  0:01  Drone  
  13  0:12  Overlord  
  13  0:17  Drone  
  14  0:32  Drone x2  
  16  0:37  Drone  
  16  0:41  Extractor  
  16  0:46  Drone  
  17  0:54  Spawning Pool  
  16  0:58  Drone  
  17  1:07  Drone  
  18  1:37  Drone  
  19  1:47  Metabolic Boost  
  19  1:48  Roach Warren, Zergling x2  
  19  1:51  Drone  
  20  1:55  Drone, Hatchery  
  20  2:06  Queen  
  22  2:12  Overlord  
  22  2:19  Overlord  
  22  3:07  Queen  
  24  3:14  Lair  
  24  3:17  Drone x3, Extractor  
  26  3:24  Roach  
  28  3:29  Roach  
  30  3:41  Drone x3  
  33  3:43  Roach  
  35  3:52  Zergling x2  
  34  4:08  Overlord x2  
  34  4:15  Nydus Network  
  33  4:23  Overlord  
  33  4:26  Queen  
  33  4:28  Roach  
  37  4:34  Overseer  
  39  4:38  Roach  
  39  4:44  Roach x3  
  44  4:55  Roach  
  46  5:20  Nydus Canal  
  46  5:30  Zergling x8  
  33  5:57  Drone x3  
  30  6:12  Roach  
  32  6:21  Infestation Pit  
  32  6:24  Nydus Canal  
  32  6:25  Drone  
  32  6:34  Ravager  
  32  6:35  Queen  
  34  6:49  Drone x2  
  34  6:51  Spine Crawler  
  34  6:52  Spine Crawler  
  34  7:05  Roach x2  
  34  7:08  Hatchery  
  33  7:24  Roach x2  
  33  7:27  Ravager  
  38  7:31  Queen  
  38  7:34  Roach  
  39  7:52  Roach  
  39  7:53  Roach x2  
  39  7:58  Ravager  
  46  8:05  Drone  
  47  8:10  Queen  
  45  8:17  Drone x2  
  45  8:18  Spine Crawler  
  46  8:21  Drone  
  46  8:26  Ravager x2  
  50  8:55  Roach  
  50  8:56  Roach x2  
  50  9:00  Roach x2  
  58  9:08  Drone  
  57  9:38  Spire  
  54  9:40  Extractor  
  53  9:49  Overlord  
  53  9:53  Drone  
  43  10:16  Drone x4  
  43  10:20  Extractor  
  43  10:37  Hatchery  
  42  10:51  Mutalisk  
  42  10:56  Mutalisk  
  46  11:08  Drone x4  
  50  11:21  Mutalisk  
  52  11:38  Mutalisk  
  54  12:03  Mutalisk  
  46  12:41  Spawning Pool  
Tags
 
Add a new tag
Caveats
  • Supply blocks, unpowered buildings, or Contaminate may cause inaccurate times.
  • Supply counts are checked every 10 seconds.